 Dungeon Crawl Stone Soup version 0.31-a0-620-gd1cbd99268 (webtiles) character file.

Game seed: 15471696355122171210

69407 Newt the Eclecticist (level 15, -4/139 HPs)
             Began as a Gargoyle Fighter on Aug 23, 2023.
             Was the Champion of Okawaru.
             Collided with a rock wall (15 damage)
             ... caused by a wretched star
             ... on level 1 of the Abyss.
             The game lasted 00:18:22 (14077 turns).

Newt the Eclecticist (Gargoyle Fighter)            Turns: 14077, Time: 00:18:22

Health: -4/139     AC: 25    Str: 26    XL:     15   Next: 29%
Magic:  4/27       EV:  8    Int: 18    God:    Okawaru [******]
Gold:   406        SH: 12    Dex: 11    Spells: 37/44 levels left

rFire   + + +        N - +10 rapier of Inference {freeze, rF- rN+ Will- Str+8}
rCold   + . .        A - +0 tower shield
rNeg    + + +        B - +0 steam dragon scales
rPois   ∞            x - +1 helmet "Welo" {rF++ Slay+2}
rElec   +            h - scarf {rC+ rF+}
rCorr   +            q - +0 pair of gloves
SInv    .            (no boots)
Will    .....        l - amulet of the acrobat Stlth
                     R - ring "Zot Wabriyk" {rF+ rN+ rCorr Int+6}
HPRegen 0.43/turn    p - +4 ring of protection
MPRegen 0.20/turn

%: acrobat
@: berserking, flying, very quick
A: sickness immunity, AC +11, big wings, negative energy resistance 1,
electricity resistance, torment resistance 1, petrification resistance, passive
freeze, [low MP 2], [weak 2], [subdued magic 1], [inability to read after injury
1]
a: Renounce Religion, Heroism, Finesse, Duel


You were on level 1 of the Abyss.
You worshipped Okawaru.
Okawaru was exalted by your worship.
You visited 2 branches of the dungeon, and saw 14 of its levels.
You visited the Abyss 1 time.

You collected 646 gold pieces.
You spent 240 gold pieces at shops.

Inventory:

Hand Weapons
 a - a +0 flail
 f - a +1 spear of freezing
 j - the +6 rapier of Conflict {freeze, Fly Str+4}
   (You found it on level 4 of the Dungeon)

   Str+4:     It affects your strength (+4).
   Fly:       It grants you flight.
 s - a +0 battleaxe of electrocution
 N - the +10 rapier of Inference (weapon) {freeze, rF- rN+ Will- Str+8}
   (Okawaru gifted it to you on level 9 of the Dungeon)

   Str+8:     It affects your strength (+8).
   rF-:       It makes you vulnerable to fire.
   rN+:       It protects you from negative energy.
   Will-:     It decreases your willpower.
 P - a +6 whip of electrocution
Missiles
 r - 6 silver javelins
 K - an atropa-tipped dart
 M - 7 boomerangs
Armour
 b - a +0 scale mail
 c - a +0 buckler
 h - a scarf of resistance (worn)
 q - a +0 pair of gloves (worn)
 x - the +1 helmet "Welo" (worn) {rF++ Slay+2}
   (You acquired it on level 5 of the Dungeon)

   Slay+2:    It affects your accuracy & damage with ranged weapons and melee
   (+2).
   rF++:      It greatly protects you from fire.
 A - a +0 tower shield (worn)
 B - +0 steam dragon scales (worn)
 O - a +1 hat of stealth
 T - the +2 pair of boots of the Bulwark {MP-9 Dex+4 SInv Stlth+}
   (Okawaru gifted it to you on level 10 of the Dungeon)

   Dex+4:     It affects your dexterity (+4).
   MP-9:      It affects your magic capacity (-9).
   SInv:      It lets you see invisible.
   Stlth+:    It makes you more stealthy.
Jewellery
 e - a +5 ring of evasion
 l - an amulet of the acrobat (around neck)
 o - an amulet of guardian spirit
 p - a +4 ring of protection (right hand)
 t - a ring of willpower
 R - the ring "Zot Wabriyk" (left hand) {rF+ rN+ rCorr Int+6}
   (You found it on level 9 of the Dungeon)

   [ring of intelligence]

   Int+6:     It affects your intelligence (+6).
   rF+:       It protects you from fire.
   rN+:       It protects you from negative energy.
   rCorr:     It protects you from acid and corrosion.
 U - a ring of see invisible
Wands
 S - a wand of iceblast (4)
Scrolls
 d - 2 scrolls of fear {unknown}
 v - 2 scrolls of enchant armour {unknown}
 y - 3 scrolls of amnesia
 C - 4 scrolls of poison
 H - 3 scrolls of immolation {unknown}
 L - 2 scrolls of vulnerability
 Q - a scroll of blinking {unknown}
Potions
 g - 4 potions of lignification
 i - 4 potions of curing
 k - 2 potions of mutation
 m - 2 potions of degeneration
 w - 5 potions of attraction
 z - 2 potions of haste
 E - a potion of might
 F - a potion of berserk rage
 G - a potion of resistance
 I - a potion of cancellation {unknown}
 J - a potion of invisibility {unknown}
 V - 2 potions of brilliance {unknown}


   Skills:
 - Level 10.7 Fighting
 - Level 6.0 Short Blades
 - Level 5.0(5.6) Axes
 - Level 2.0(4.0) Maces & Flails
 - Level 3.3(4.6) Polearms
 - Level 7.5 Armour
 - Level 3.2 Shields
 + Level 15.2 Spellcasting
 - Level 10.4 Translocations
 - Level 7.2 Air Magic


You had 37 spell levels left.
You knew the following spells:

 Your Spells              Type           Power      Damage    Failure   Level
a - Vhi's Electric Charg  Tloc/Air       70%        N/A       1%          3
b - Manifold Assault      Tloc           39%        N/A       2%          4

Your spell library contained the following spells:

 Spells                   Type           Power      Damage    Failure   Level
 Portal Projectile        Hex/Tloc       50%        N/A       7%          3
 Foxfire                  Conj/Fire      40%        2x1d6     21%         1
 Slow                     Hex            40%        N/A       21%         1
 Iskenderun's Mystic Bla  Conj/Tloc      25%        2d7       24%         4
 Ensorcelled Hibernation  Hex/Ice        20%        N/A       32%         2
 Dispersal                Tloc           19%        N/A       41%         6
 Confusing Touch          Hex            10%        N/A       54%         3
 Stone Arrow              Conj/Erth      20%        3d8       54%         3
 Vampiric Draining        Necr           10%        2d6       54%         3
 Arcjolt                  Conj/Air       10%        1d20      80%         5
 Anguish                  Hex/Necr       5%         N/A       92%         4
 Plasma Beam              Fire/Air       10%        2x1d21    100%        6
 Starburst                Conj/Fire      5%         6d4       100%        6
 Disjunction              Tloc           19%        N/A       100%        8
 Lehudib's Crystal Spear  Conj/Erth      5%         10d3      100%        8
 Maxwell's Capacitive Co  Air            15%        ∞         100%        8
 Tukima's Dance           Hex            Unusable   N/A       N/A         3
 Animate Armour           Summ/Erth      Unusable   N/A       N/A         4

Dungeon Overview and Level Annotations

Branches:
Dungeon (13/15)            Temple (1/1) D:6            Lair (0/5) D:9
    Orc (0/2) D:11         Vaults (0/5) D:13

Altars:
Ashenzari
Cheibriados
Dithmenos
Elyvilon
Fedhas
Gozag
Hepliaklqana
Kikubaaqudgha
Makhleb
Nemelex Xobeh
Okawaru
Qazlal
Ru
Sif Muna
Trog
Uskayaw
Vehumet
Wu Jian
Xom
Yredelemnul
Zin
The Shining One

Shops:
D:1 !

Annotations:
D:13 Erolcha


Innate Abilities, Weirdness & Mutations

You are immune to sickness and miasma.
Your stone body is resilient. (AC +11)
You are immune to poison.
Your large and strong wings let you fly.
You resist negative energy. (rN+)
You are resistant to electric shocks. (rElec)
You are resistant to unholy torment.
You are immune to petrification.
A frigid envelope surrounds you and freezes all who hurt you.
[Your magical capacity is very low. (-20% MP)]
[You are very weak. (Str -4)]
[Your spells are a little easier to cast, but a little less powerful.]
[You occasionally lose the ability to read scrolls when taking damage.]


Message History

The tentacled monstrosity is almost dead.
The tentacled monstrosity tentacle-slaps you but does no damage.
The tentacled monstrosity resists.
The tentacled monstrosity is very cold.
The tentacled monstrosity is almost dead.
The tentacled monstrosity tentacle-slaps you but does no damage.
The tentacled monstrosity resists.
The tentacled monstrosity is very cold.
The tentacled monstrosity is almost dead.
The tentacled monstrosity constricts you.
A red film seems to cover your vision as you go berserk!
You feel yourself moving faster!
You feel mighty!
The tentacled monstrosity tentacle-slaps you but does no damage.
The tentacled monstrosity resists.
The tentacled monstrosity is very cold.
The tentacled monstrosity is almost dead.
The tentacled monstrosity tentacle-slaps you but does no damage.
The tentacled monstrosity resists.
The tentacled monstrosity is very cold.
You kill the tentacled monstrosity!
Okawaru is honoured by your kill.
The wretched star glows turbulently.
The lance of force misses you.
You feel the corruption within you wane somewhat.
You feel more energetic.
You lose the ability to read scrolls when taking damage less often.
Your connection to magic feels less subdued.
Unknown command.
You feel a strong urge to attack something.
Unknown command.
You puncture the wretched star! You freeze the wretched star.
The wretched star is heavily damaged.
The great orb of eyes bites you but does no damage.
The great orb of eyes is very cold.
The great orb of eyes is lightly wounded.
Unknown command.
You barely miss the wretched star.
The wretched star is heavily damaged.
The wretched star glows turbulently.
The lance of force hits you!!
* * * LOW HITPOINT WARNING * * *
You are knocked back by the lance of force.
You slam into the rock wall!
You die...

# .. .#
#* ##.#
#..#
####.##
#@.*..#
#.#G#.#
####.#..
#.#. #
## ... .
.# # .


You could see a wretched star and a great orb of eyes.

Vanquished Creatures
  A tentacled monstrosity (Abyss:1)
  2 dancing weapons (D:13)
  Erica (D:8)
  2 centaur warriors (D:13)
  5 two-headed ogres
  2 boulder beetles
  2 sun demons (Abyss:1)
  A lindwurm (D:9)
  6 deep elf zephyrmancers (D:12)
  Pikel (D:5)
  A deep elf pyromancer (D:12)
  The ghost of bchevrier the Martial Artist, a novice GnWn of Yredelemnul (D:6)
  4 cyclopes
  An unseen horror (D:11)
  A gargoyle (D:13)
  An efreet (D:13)
  4 trolls
  A slime creature (D:13)
  Sigmund (D:4)
  4 wyverns (D:9)
  32 yaks
  A steam dragon (D:6)
  3 redbacks (D:9)
  2 acid dragons (D:11)
  3 orc warriors
  3 water moccasins
  6 ice beasts
  2 black bears
  A sky beast (D:8)
  4 ogres
  10 centaurs
  A lemure (D:4)
  2 phantoms
  5 kobold brigands
  2 scorpions
  2 bullfrogs
  A small abomination (Abyss:1)
  10 wights
  3 killer bees (D:8)
  6 howler monkeys
  2 lava snakes (D:9)
  3 jellies
  2 hounds (D:4)
  5 orc priests
  2 iguanas (D:6)
  2 sleepcaps
  9 orc wizards
  A mummy (D:10)
  8 gnolls
  6 adders
  A shadow imp (D:6)
  3 white imps
  2 ufetubi (D:5)
  4 worms
  2 dart slugs
  18 orcs
  13 endoplasms
  9 goblins
  9 hobgoblins
  2 jackals (D:3)
  26 kobolds
  2 quokkas
  13 ball pythons
  12 bats
  12 frilled lizards
  6 rats
315 creatures vanquished.

Vanquished Creatures (others)
  2 slime creatures (D:13)
  A wraith (D:12)
  An iguana (D:5)
  An orc wizard (D:9)
  A lurking horror (Abyss:1)
6 creatures vanquished.

Grand Total: 321 creatures vanquished

Notes
Turn   | Place    | Note
-------+----------+-------------------------------------------
     0 | D:1      | Newt the Gargoyle Fighter began the quest for the Orb.
     0 | D:1      | Reached XP level 1. HP: 14/14 MP: 1/1
   145 | D:1      | Found Repibi's Distillery.
   211 | D:1      | Reached XP level 2. HP: 20/20 MP: 2/2
   407 | D:1      | Found a faded altar of an unknown god.
   698 | D:1      | Reached XP level 3. HP: 24/24 MP: 3/3
   956 | D:1      | Reached skill level 5 in Fighting
  1057 | D:1      | Reached skill level 1 in Polearms
  1057 | D:1      | Reached XP level 4. HP: 27/31 MP: 4/4
  1872 | D:3      | Reached XP level 5. HP: 34/35 MP: 5/5
  2879 | D:4      | Noticed a black bear
  2899 | D:4      | Killed a black bear
  2900 | D:4      | Reached XP level 6. HP: 28/40 MP: 6/6
  3219 | D:4      | Found a glowing golden altar of the Shining One.
  3347 | D:4      | Noticed Sigmund
  3372 | D:4      | Killed Sigmund
  3373 | D:4      | Reached skill level 5 in Axes
  3373 | D:4      | Reached XP level 7. HP: 28/44 MP: 7/7
  3561 | D:4      | Identified the +6 rapier of Conflict {freeze, Fly Str+4}
  3804 | D:4      | Reached skill level 1 in Short Blades
  4083 | D:5      | Entered Level 5 of the Dungeon
  4298 | D:5      | Identified a scroll of acquirement
  4298 | D:5      | Acquired a manual of Spellcasting
  4326 | D:5      | Acquired the +1 helmet "Welo" {rF++ Slay+2}
  4377 | D:5      | Noticed Pikel
  4392 | D:5      | Killed Pikel
  4393 | D:5      | Reached skill level 5 in Short Blades
  4393 | D:5      | Reached XP level 8. HP: 43/49 MP: 8/8
  4838 | D:6      | Found a runed translucent gate.
  4839 | D:6      | Found a runed translucent gate.
  4840 | D:6      | Found a runed translucent gate.
  4841 | D:6      | Noticed bchevrier's ghost (novice GnWn)
  5096 | D:6      | Reached skill level 5 in Armour
  5265 | D:6      | Reached XP level 9. HP: 54/54 MP: 9/9
  5301 | D:6      | Found a staircase to the Ecumenical Temple.
  5340 | Temple   | Entered the Ecumenical Temple
  5355 | Temple   | Became a worshipper of Warmaster Okawaru
  6293 | D:6      | Reached skill level 2 in Spellcasting
  6311 | D:6      | Killed bchevrier's ghost
  6312 | D:6      | Reached skill level 5 in Spellcasting
  6463 | D:1      | Bought a potion of heal wounds for 60 gold pieces
  6463 | D:1      | Bought a potion of heal wounds for 60 gold pieces
  6463 | D:1      | Bought a potion of might for 48 gold pieces
  6463 | D:1      | Bought 2 potions of attraction for 72 gold pieces
  6604 | D:7      | Reached skill level 6 in Spellcasting
  6725 | D:7      | Reached skill level 7 in Spellcasting
  6819 | D:7      | Reached * piety under Okawaru
  6978 | D:7      | Reached skill level 8 in Spellcasting
  7164 | D:8      | Noticed a two-headed ogre
  7172 | D:8      | Killed a two-headed ogre
  7172 | D:8      | Reached ** piety under Okawaru
  7173 | D:8      | Reached skill level 10 in Spellcasting
  7173 | D:8      | Reached XP level 10. HP: 40/59 MP: 15/24
  7281 | D:8      | Noticed Erica
  7297 | D:8      | Killed Erica
  7297 | D:8      | Reached *** piety under Okawaru
  7658 | D:8      | Received a gift from Okawaru
  8358 | D:9      | Learned a level 3 spell: Vhi's Electric Charge
  8419 | D:9      | Reached **** piety under Okawaru
  8441 | D:9      | Reached XP level 11. HP: 63/63 MP: 25/25
  8448 | D:9      | Reached skill level 5 in Translocations
  8470 | D:9      | Reached skill level 5 in Air Magic
  8544 | D:9      | Found a runed translucent door.
  8609 | D:9      | Reached ***** piety under Okawaru
  8765 | D:9      | Found a staircase to the Lair.
  8981 | D:9      | Noticed a two-headed ogre
  8991 | D:9      | Killed a two-headed ogre
  8991 | D:9      | Identified the +10 rapier of Inference {freeze, rF- rN+
                  | Will- Str+8} (Okawaru gifted it to you on level 9 of the
                  | Dungeon)
  8991 | D:9      | Received a gift from Okawaru
  9321 | D:9      | Found a runed translucent gate.
  9324 | D:9      | Found a runed translucent gate.
  9325 | D:9      | Found a runed translucent gate.
  9325 | D:9      | Found a runed translucent gate.
  9325 | D:9      | Found a runed translucent gate.
  9325 | D:9      | Noticed a lindwurm
  9325 | D:9      | Noticed a boulder beetle
  9326 | D:9      | Found a runed translucent gate.
  9366 | D:9      | Killed a boulder beetle
  9378 | D:9      | Killed a lindwurm
  9469 | D:9      | Identified the ring "Zot Wabriyk" {rF+ rN+ rCorr Int+6}
  9519 | D:10     | Entered Level 10 of the Dungeon
 10005 | D:10     | Reached XP level 12. HP: 56/68 MP: 17/26
 10012 | D:10     | Gained mutation: You have hidden genetic defects. [potion
                  | of mutation]
 10013 | D:10     | Lost mutation: You have hidden genetic defects. [potion of
                  | mutation]
 10013 | D:10     | Gained mutation: A frigid envelope surrounds you and
                  | freezes all who hurt you. [potion of mutation]
 10013 | D:10     | Gained mutation: Your large and strong wings let you fly.
                  | [potion of mutation]
 10095 | D:10     | Reached ****** piety under Okawaru
 10325 | D:10     | Learned a level 4 spell: Manifold Assault
 10553 | D:10     | Found a snail-covered altar of Cheibriados.
 10678 | D:10     | Noticed a two-headed ogre
 10683 | D:10     | Killed a two-headed ogre
 10683 | D:10     | Identified the +2 pair of boots of the Bulwark {MP-9 Dex+4
                  | SInv Stlth+} (Okawaru gifted it to you on level 10 of the
                  | Dungeon)
 10683 | D:10     | Received a gift from Okawaru
 10882 | D:11     | Noticed a two-headed ogre
 10888 | D:11     | Killed a two-headed ogre
 11221 | D:11     | Reached skill level 10 in Translocations
 11221 | D:11     | Found a staircase to the Orcish Mines.
 12126 | D:11     | Reached skill level 11 in Spellcasting
 12561 | D:12     | Reached skill level 12 in Spellcasting
 12577 | D:12     | Reached skill level 13 in Spellcasting
 12598 | D:13     | Noticed a centaur warrior
 12605 | D:13     | Killed a centaur warrior
 13081 | D:13     | Noticed a centaur warrior
 13087 | D:13     | Killed a centaur warrior
 13088 | D:13     | Reached XP level 13. HP: 61/72 MP: 30/30
 13347 | D:13     | Received a gift from Okawaru
 13348 | D:13     | Reached skill level 14 in Spellcasting
 13521 | D:13     | Found a gate to the Vaults.
 13702 | D:13     | Noticed Erolcha
 13707 | Abyss:1  | Cast into level 1 of the Abyss (Erolcha)
 13709 | Abyss:1  | Mutation became permanent: Your large and strong wings let
                  | you fly. [Gargoyle growth]
 13709 | Abyss:1  | Gained mutation: Your large and strong wings let you fly.
                  | [Gargoyle growth]
 13709 | Abyss:1  | Reached XP level 14. HP: 82/82 MP: 32/32
 13710 | Abyss:1  | Reached skill level 10 in Fighting
 13710 | Abyss:1  | Reached XP level 15. HP: 93/93 MP: 33/33
 13753 | Abyss:1  | Noticed a balrug
 13760 | Abyss:1  | Found a corrupted altar of Lugonu.
 13780 | Abyss:1  | Reached skill level 15 in Spellcasting
 13942 | Abyss:1  | Found a corrupted altar of Lugonu.
 14043 | Abyss:1  | Noticed a tentacled monstrosity
 14074 | Abyss:1  | Killed a tentacled monstrosity
 14077 | Abyss:1  | Collided with a rock wall

Illustrated notes

Levels and vault maps discovered:
D:1:      dpeg_arrival_more_subterranean_lakeside_camping, layout_basic,
          serial_shops, shop, nicolae_ecumenical_snake_handling
D:2:      minmay_diamond_boxcup, layout_loops_ring, grunt_ministairs_7
D:3:      minmay_inner_zag, layout_basic, grunt_decor_mini_mirrors,
          minivault_27, kennysheep_generic_room_15
D:4:      minmay_door_path, layout_basic, mainiacjoe_overflow_24_doors,
          uniq_sigmund
D:5:      layout_basic, uniq_pikel
D:6:      layout_layer_cave, minmay_temple_entry_statues, gammafunk_ghost_split
D:7:      nicolae_cairo_tiling, layout_rooms, serial_bayou_crossing
D:8:      layout_basic, uniq_erica
D:9:      gammafunk_indiana_jones, layout_basic, minmay_lair_entry_grove,
          grunt_ministairs_8
D:10:     layout_irregular_city, slow_altar_2
D:11:     layout_cave_pods, orc_0_dummy, minmay_crystal_room
D:12:     layout_rooms, hangedman_abyss_or_decor_jellyfish_corner,
          elves_outpost_lemuel
D:13:     layout_roguey, erik_vaults_1, gammafunk_ghost_hydra_chop, uniq_erolcha
Temple:   nicolae_temple_bog_church
Abyss:1:  base:
D:5

Skill      XL: |  1  2  3  4  5  6  7  8  9 10 11 12 13 14 15 |
---------------+----------------------------------------------+-----
Fighting       | 4 5 7 10 | 10.7
Polearms       | 1 2 3 |  3.3
Axes           | 2 5 |  5.0
Short Blades   | 5 6 |  6.0
Armour         | 6 7 |  7.5
Spellcasting   | 10 13 14 15 | 15.2
Translocations | 4 8 10 | 10.4
Air Magic      | 4 7 |  7.2
Maces & Flails | |  2.0
Shields        | |  3.2

Action                     |  1- 3 |  4- 6 |  7- 9 | 10-12 | 13-15 || total
---------------------------+-------+-------+-------+-------+-------++-------
  Melee: Spear             |    97 |   187 |       |       |       ||   284
         Flail             |     2 |       |       |       |       ||     2
         Battleaxe         |       |    40 |     1 |       |       ||    41
         Rapier            |       |       |   249 |   703 |    89 ||  1041
  Throw: Throwing net      |       |       |       |     1 |       ||     1
   Cast: Vhi's Electric Ch |       |       |       |     2 |     1 ||     3
         Manifold Assault  |       |       |       |    40 |     7 ||    47
 Invoke: Heroism           |       |       |       |       |     1 ||     1
  Evoke: Wand              |       |       |       |       |     2 ||     2
    Use: Potion            |     1 |     1 |     1 |     5 |    10 ||    18
         Scroll            |       |     7 |     5 |     5 |     1 ||    18
 Armour: Scale mail        |    41 |    77 |    47 |       |       ||   165
         Steam dragon scal |       |       |    29 |   326 |    41 ||   396
  Dodge: Dodged            |    52 |   137 |   109 |   321 |    28 ||   647
  Block: Buckler           |    20 |    27 |    19 |       |       ||    66
         Tower shield      |       |       |    77 |   418 |    45 ||   540

Table legend: (Time is in decaauts)
 A = Elapsed time spent in this place.
 B = Non-inter-level travel time spent in this place.
 C = Inter-level travel time spent in this place.
 D = Time resting spent in this place.
 E = Time spent auto-exploring this place.
 F = Levels seen in this place.
 G = Mean time per level.
                   A        B        C        D        E       F      G
               +--------+--------+--------+--------+--------+-----+--------+
         Total |  14235 |  13471 |    764 |   1867 |   8954 |  15 |  949.0 |
       Dungeon |  13848 |  13114 |    734 |   1736 |   8913 |  13 | 1065.2 |
        Temple |     30 |      1 |     29 |      0 |      0 |   1 |   30.0 |
         Abyss |    356 |    356 |      0 |    131 |     41 |   1 |  356.0 |
               +--------+--------+--------+--------+--------+-----+--------+

Top non-repeatable levels by time:
     D:4: 1597 daAuts
     D:6: 1573 daAuts
    D:11: 1565 daAuts
    D:10: 1349 daAuts
     D:9: 1260 daAuts
     D:8: 1168 daAuts
    D:13: 1128 daAuts
     D:1: 1107 daAuts
     D:3: 1005 daAuts
     D:2: 781 daAuts
     D:7: 593 daAuts
     D:5: 549 daAuts
 Abyss:1: 356 daAuts
    D:12: 168 daAuts
  Temple: 30 daAuts
